 Dungeon Crawl Stone Soup version 0.31-a0-164-g2312942fda (webtiles) character file.

Game seed: 2528034129664506344

3 senseless the Charlatan (level 1, -1/14 (15) HPs)
             Began as a Demonspawn Artificer on June 13, 2023.
             Slain by a hobgoblin (3 damage)
             ... on level 1 of the Dungeon.
             The game lasted 00:00:34 (183 turns).

senseless the Charlatan (Demonspawn Artificer)       Turns: 183, Time: 00:00:34

HP:   -1/14 (15)    AC:  3    Str: 12    XL:     1   Next: 41%
MP:   1/1           EV: 11    Int: 12    God:
Gold: 9             SH:  0    Dex: 13    Spells: 0/0 levels left

rFire   . . .        a - +0 club
rCold   . . .        (no shield)
rNeg    . . .        b - +0 leather armour
rPois   .            (no helmet)
rElec   .            (no cloak)
rCorr   .            (no gloves)
SInv    .            (no boots)
Will    .....        (no amulet)
Stlth   +            (no ring)
HPRegen 0.22/turn    (no ring)
MPRegen 0.07/turn

%: no passive effects
@: drained
A: no striking features
a: no special abilities


You were on level 1 of the Dungeon.
You visited 1 branch of the dungeon, and saw 1 of its levels.

You collected 9 gold pieces.

Inventory:

Hand Weapons
 a - a +0 club (weapon)
Armour
 b - a +0 leather armour (worn)
Wands
 c - a wand of flame (14) (quivered)
 d - a wand of charming (15)
 e - a wand of iceblast (5)
Scrolls
 f - a scroll of identify {unknown}
 h - a scroll of blinking {unknown}
Potions
 g - a potion of resistance {unknown}
 i - a potion of curing {unknown}


   Skills:
 + Level 1.1 Fighting
 + Level 1.8 Armour
 + Level 1.0 Dodging
 + Level 1.0 Stealth
 + Level 3.0 Evocations


You couldn't memorise any spells.
You didn't know any spells.
Your spell library was empty.

Dungeon Overview and Level Annotations

Branches:
Dungeon (1/15)

Altars:


Message History

Moving in this stuff is going to be slow.
You enter the shallow water.
Moving in this stuff is going to be slow.
You enter the shallow water.
Moving in this stuff is going to be slow.
A kobold comes into view. It is wielding a +0 whip.
Found a stone staircase leading down.
The kobold shouts!
The kobold throws a stone.
The stone barely misses you.
You barely miss the kobold. The kobold closely misses you.
You barely miss the kobold. The kobold barely misses you.
The kobold closely misses you.
You hit the kobold. Your punch misses the kobold.
The kobold is severely wounded.
The kobold barely misses you.
You hit the kobold.
You kill the kobold!
No target in view!
A hobgoblin comes into view.
The hobgoblin shouts!
Found a book of Weapons.
A spectral hobgoblin comes into view.
Found a faded altar of an unknown god.
The hobgoblin closely misses you.
You hit the hobgoblin but do no damage. The hobgoblin hits you.
You hit the hobgoblin but do no damage. The hobgoblin barely misses you.
You closely miss the hobgoblin. The hobgoblin hits you.
The spectral hobgoblin misses you. The hobgoblin hits you.
You are too injured to fight recklessly!
You are too injured to fight recklessly!
You barely miss the hobgoblin. The spectral hobgoblin hits you.
The hobgoblin hits you but does no damage.
The spectral hobgoblin hits you.
* * * LOW HITPOINT WARNING * * *
You feel drained.
* * * LOW HITPOINT WARNING * * *
You closely miss the hobgoblin.
The hobgoblin splashes around in the water.
The spectral hobgoblin barely misses you.
You barely miss the hobgoblin. The hobgoblin hits you.
You die...

.# .# ### .#.. ~..# ##.#.
#~... .... ...###..# ~##
~..#>.###.# .~.~##g#....:.#
~.~.~~Z@..## # #.
~~...+...:.###.## #.~ _..
+~.......... #.~. ~
+........... #..~#
#....).##### #..#~. ##~#...##
#
#..#.~####..#...##########..#
#..#8~~....##................
#.~####~#.###..........# ....


You could see a spectral hobgoblin and a hobgoblin.

Vanquished Creatures
  An endoplasm (D:1)
  A hobgoblin (D:1)
  A kobold (D:1)
3 creatures vanquished.

Notes
Turn   | Place    | Note
-------+----------+-------------------------------------------
     0 | D:1      | senseless the Demonspawn Artificer began the quest for the
                  | Orb.
     0 | D:1      | Reached XP level 1. HP: 15/15 MP: 1/1
    12 | D:1      | Reached skill level 1 in Dodging
    12 | D:1      | Reached skill level 1 in Stealth
   177 | D:1      | Found a faded altar of an unknown god.
   183 | D:1      | Slain by a hobgoblin

Illustrated notes

Levels and vault maps discovered:
D:1:      dpeg_arrival_stonehenge_8_columns, layout_loops_ring,
          dreamdust_ecumenical_altar_drowned_temple

Skill      XL: |  1 |
---------------+----+-----
Dodging        | 1 |  1.0
Stealth        | 1 |  1.0
Fighting       | |  1.1
Armour         | |  1.8
Evocations     | |  3.0

Action                     || total
---------------------------++-------
  Melee: Club              ||    14
  Evoke: Wand              ||     1
 Armour: Leather armour    ||     1
  Dodge: Dodged            ||    11

Table legend: (Time is in decaauts)
 A = Elapsed time spent in this place.
 B = Non-inter-level travel time spent in this place.
 C = Inter-level travel time spent in this place.
 D = Time resting spent in this place.
 E = Time spent auto-exploring this place.
 F = Levels seen in this place.
 G = Mean time per level.
                   A        B        C        D        E       F      G
               +--------+--------+--------+--------+--------+-----+--------+
         Total |    189 |    189 |      0 |      0 |    152 |   1 |  189.0 |
       Dungeon |    189 |    189 |      0 |      0 |    152 |   1 |  189.0 |
               +--------+--------+--------+--------+--------+-----+--------+

Top non-repeatable levels by time:
     D:1: 189 daAuts
